 Dungeon Crawl Stone Soup version 0.28.0-43-g3370ac3207 (webtiles) character file.

Game seed: 11805817232309552200

7 Descartes the Grasshopper (level 1, -1/9 HPs)
             Began as a Felid Warper on Mar 22, 2022.
             Slain by a kobold
             ... wielding a +0 short sword
              (4 damage)
             ... on level 1 of the Dungeon.
             The game lasted 00:01:26 (841 turns).

Descartes the Grasshopper (Felid Warper)             Turns: 841, Time: 00:01:26

Health: -1/9       AC:  1    Str:  7    XL:     1   Next: 91%
Magic:  4/4        EV: 18    Int: 14    God:
Gold:   5          SH:  0    Dex: 15    Spells: 4/4 levels left
                                        Lives:  0   Deaths: 0

rFire   . . .      SeeInvis +     - Unarmed
rCold   . . .      Faith    .   (shield unavailable)
rNeg    . . .      Spirit   .   (armour unavailable)
rPois   .          Reflect  .   (helmet unavailable)
rElec   .          Harm     .   (cloak unavailable)
rCorr   .          Rampage  .   (gloves unavailable)
Will    .....                   (boots unavailable)
Stlth   ++........              (no amulet)
HPRegen 0.03/turn               (no ring)
MPRegen 0.09/turn               (no ring)

@: quick
A: very small, claws 1, fangs 3, see invisible, speed 1, shaggy fur 1, stealthy
paws, no weapons or thrown items, no armour, multi-lived
a: no special abilities


You were on level 1 of the Dungeon.
You visited 1 branch of the dungeon, and saw 1 of its levels.

You collected 5 gold pieces.

Inventory:

Missiles
 b - 16 stones
Scrolls
 a - a scroll of blinking
Potions
 c - a potion of curing {unknown}


   Skills:
 - Level 2.0 Fighting
 * Level 3.4 Dodging
 * Level 0.9 Stealth
 * Level 2.1 Unarmed Combat
 - Level 2.0 Spellcasting
 + Level 4.5 Translocations
 + Level 0.2 Invocations
 + Level 0.2 Evocations


You had 4 spell levels left.
You didn't know any spells.
Your spell library contained the following spells:

 Spells                   Type           Power      Damage    Failure   Level
 Blink                    Tloc           28%        N/A       5%          2
 Gell's Gravitas          Tloc           14%        N/A       11%         3
 Lesser Beckoning         Tloc           14%        N/A       11%         3
 Teleport Other           Tloc           14%        N/A       11%         3
 Manifold Assault         Tloc           14%        N/A       71%         5


Dungeon Overview and Level Annotations

Branches:
Dungeon (1/15)

Altars:


Innate Abilities, Weirdness & Mutations

You have sharp claws.
You have razor-sharp teeth.
You have supernaturally acute eyesight. (SInv)
You cover ground quickly. (Speed+)
You are covered in fur. (AC +1)
Your paws help you pounce on unaware monsters.
You are incapable of wielding weapons or throwing items.
You cannot wear armour.
You gain extra lives every three experience levels.


Message History

A bat comes into view.
The bat enters a dispersal trap!
You blink.
Unknown command.
You scratch the bat. Your bite misses the bat.
The bat is moderately wounded.
The bat barely misses you. The bat completely misses you.
You barely miss the bat.
The bat is moderately wounded.
The bat closely misses you.
You scratch the bat.
You kill the bat!
No target in view!
A rat and a kobold come into view.
The kobold shouts!
You hear a shout!
A kobold comes into view. It is wielding a +0 short sword.
The kobold shouts!
The rat misses you.
You scratch the rat.
You kill the rat!
You scratch the kobold.
The kobold is severely wounded.
The kobold completely misses you.
You scratch the kobold.
You kill the kobold!
Things that are here:
a +0 short sword; a kobold corpse; a rat corpse The kobold hits you with a +0 short sword.
Ouch! That really hurt!
You are too injured to fight recklessly!
You are too injured to fight recklessly!
You are too injured to fight recklessly!
You closely miss the kobold. The kobold misses you.
You scratch the kobold. You bite the kobold, but do no damage.
The kobold is severely wounded.
The kobold misses you.
You barely miss the kobold.
The kobold is severely wounded.
The kobold hits you with a +0 short sword.
You die...

#.###### ## ..#
#.#.##.###. #.#
###.#.##..... #.#
#...........# #.#
#.###.#.##### #.#
#.# #.#.# #.#
#.###.#.# #K#
#.....#.# #@#
#^#####.# #)# #.#
#.# #.####.# #.#
#....#.#####.#
#.....###.........#
#####.......#######
#########


You could see a kobold.

Vanquished Creatures
  A ball python (D:1)
  An endoplasm (D:1)
  A giant cockroach (D:1)
  A bat (D:1)
  2 kobolds (D:1)
  A rat (D:1)
7 creatures vanquished.

Notes
Turn   | Place    | Note
-------+----------+-------------------------------------------
     0 | D:1      | Descartes the Felid Warper began the quest for the Orb.
     0 | D:1      | Reached XP level 1. HP: 9/9 MP: 4/4
   841 | D:1      | Slain by a kobold

Illustrated notes

Levels and vault maps discovered:
D:1:      dpeg_arrival_snail, layout_loops_ring

Action                   || total
-------------------------++-------
Melee: Unarmed           ||    20
       Bite              ||     3
       Punch             ||     1
 Stab: Sleeping          ||     1
Armor: Skin              ||     1
Dodge: Dodged            ||    16
